 Dungeon Crawl Stone Soup version 0.26-a0-672-g1df16c3386 (webtiles) character file.

Game seed: 14444743937773736346

130 mandarbmax the Vexing (level 5, -7/38 HPs)
             Began as a Formicid Arcane Marksman on Oct 20, 2020.
             Killed by divine providence
             ... invoked by an orc priest
              (13 damage)
             ... on level 3 of the Dungeon.
             The game lasted 00:09:23 (3166 turns).

mandarbmax the Vexing (Formicid Arcane Marksman)    Turns: 3166, Time: 00:09:24

Health: -7/38      AC:  3    Str: 15    XL:     5   Next: 36%
Magic:  6/6        EV: 12    Int: 13    God:
Gold:   108        SH:  0    Dex: 11    Spells: 3/6 levels left

rFire    + + .     SeeInvis +   f - -1 spear (curse)
rCold    x . .     Faith    .   (no shield)
rNeg     . . .     Spirit   .   h - +0 leather armour
rPois    +         Reflect  .   (helmet unavailable)
rElec    .         Harm     .   (no cloak)
rCorr    .         Rampage  .   (no gloves)
MR       .....                  (no boots)
Stlth    ++........             (no amulet)
HPRegen  0.12/turn              c - ring of fire
MPRegen  0.10/turn              m - ring of protection from fire

@: very slightly contaminated
A: permanent stasis, dig shafts and tunnels, four strong arms, antennae 3,
poison resistance, sturdy frame 1
a: Dig, Shaft Self


You were on level 3 of the Dungeon.
You visited 1 branch of the dungeon, and saw 3 of its levels.

You collected 108 gold pieces.

Inventory:

Hand Weapons
 a - a +0 hand crossbow
 b - a +0 whip
 f - a cursed -1 spear (weapon)
Missiles
 d - 22 bolts
 l - 2 throwing nets (quivered)
Armour
 h - a +0 leather armour (worn)
Jewellery
 c - a ring of fire (left hand)
 m - a ring of protection from fire (right hand)
Scrolls
 e - 2 scrolls of immolation
Potions
 j - 3 potions of flight


   Skills:
 - Level 2.0 Fighting
 + Level 3.9 Crossbows
 - Level 2.0 Dodging
 + Level 2.6 Stealth
 - Level 1.1 Spellcasting
 + Level 4.0 Hexes


You had 3 spell levels left.
You knew the following spells:

 Your Spells              Type           Power        Failure   Level
a - Corona                Hex            ##.....      5%          1
b - Slow                  Hex            ##......     9%          2

Your spell library contained the following spells:

 Spells                   Type           Power        Failure   Level
 Inner Flame              Hex/Fire       #.......     36%         3
 Portal Projectile        Hex/Tloc       #.....       36%         3
 Cause Fear               Hex            ##........   47%         4
 Leda's Liquefaction      Hex/Erth       #.........   77%         4


Dungeon Overview and Level Annotations

Branches:
Dungeon (3/15)

Altars:


Innate Abilities, Weirdness & Mutations

You cannot be hasted, slowed, berserked, paralysed or teleported.
You can dig through walls and to a lower floor.
Your four strong arms can wield two-handed weapons with a shield.
You have a pair of large antennae on your head. (SInv)
Your system is resistant to poisons. (rPois)
Your movements are slightly less encumbered by armour. (ER -2)


Message History

The orc priest hits you but does no damage.
You hit the orc priest but do no damage.
You barely miss the orc priest.
The orc priest looks braver for a moment.
You closely miss the orc priest. The orc priest closely misses you.
You barely miss the orc priest. The orc priest barely misses you.
You hit the orc priest but do no damage.
The orc priest hits you.
* * * LOW HITPOINT WARNING * * *
You flicker for a moment.
The orc priest calls upon Beogh to heal the orc priest.
The orc priest's wounds heal themselves!
You open the door.
You flicker back into view.
There is an open door here.
You close the door.
An orc priest opens the door.
The orc priest invokes the aid of Beogh against you.
Beogh smites you!
You die...

#########..........######
>....................o..+
.######## .##....#.##.### . .#
#.##.#o#.## ..# .#
#.##o#.##.###....# .# #
#.#......).......# .#
#.##.#.o.####..?##### .#
#....#...# #....#
.############.#.@.####.#.....
.............................#
....[.....................##.#
########################### #
############ ......##...#
......##...#


You could see 2 orc priests and an orc.

Vanquished Creatures
  3 gnolls (D:2)
  2 adders (D:2)
  2 oozes
  A worm (D:2)
  3 dart slugs
  A leopard gecko (D:1)
  2 orcs (D:3)
  7 bats
  2 giant cockroaches
  9 goblins
  6 hobgoblins
  4 jackals (D:1)
  A quokka (D:2)
  2 ball pythons
  3 frilled lizards
  5 kobolds
  8 rats
61 creatures vanquished.

Notes
Turn   | Place    | Note
-------+----------+-------------------------------------------
     0 | D:1      | mandarbmax the Formicid Arcane Marksman began the quest for
                  | the Orb.
     0 | D:1      | Reached XP level 1. HP: 15/15 MP: 2/2
   224 | D:1      | Reached XP level 2. HP: 21/21 MP: 0/3
   279 | D:1      | Reached skill level 4 in Hexes
   384 | D:1      | Reached XP level 3. HP: 18/26 MP: 4/4
   821 | D:1      | Learned a level 2 spell: Slow
  1125 | D:2      | Reached skill level 1 in Stealth
  1179 | D:2      | Reached XP level 4. HP: 32/32 MP: 2/5
  1683 | D:2      | Gained mutation: Your movements are slightly less
                  | encumbered by armour. (ER -2) [potion of mutation]
  1683 | D:2      | Gained mutation: Your system is resistant to poisons.
                  | (rPois) [potion of mutation]
  1701 | D:2      | Reached XP level 5. HP: 6/37 MP: 0/6
  1719 | D:2      | HP: 1/37 [poisoned by an adder]
  3166 | D:3      | Killed from afar by an orc priest

Illustrated notes

Levels and vault maps discovered:
D:1:      ncdulo_watergridlock, layout_loops_cross
D:2:      layout_basic, minmay_pentomino_o2
D:3:      layout_basic, nicolae_overflow_hidden_temple, uniq_natasha

Skill      XL: |  1  2  3  4  5 |
---------------+----------------+-----
Dodging        | 2 |  2.0
Hexes          | 4 |  4.0
Crossbows      | 3 |  3.9
Stealth        | 1 2 |  2.6
Fighting       | 2 |  2.0
Spellcasting   | |  1.1

Action                   |  1- 3 |  4- 6 || total
-------------------------+-------+-------++-------
Melee: Whip              |    61 |    71 ||   132
       Spear             |       |    56 ||    56
 Fire: Hand crossbow     |    37 |    33 ||    70
 Cast: Corona            |    20 |    11 ||    31
       Slow              |     2 |     8 ||    10
 Abil: Dig               |     1 |     1 ||     2
  Use: Potion            |       |     7 ||     7
       Scroll            |       |     9 ||     9
 Stab: Sleeping          |       |     3 ||     3
       Invisible         |       |     2 ||     2
Armor: Leather armour    |    15 |    36 ||    51
       Skin              |       |    20 ||    20
Dodge: Dodged            |    50 |    67 ||   117

Table legend: (Time is in decaauts)
 A = Elapsed time spent in this place.
 B = Non-inter-level travel time spent in this place.
 C = Inter-level travel time spent in this place.
 D = Time resting spent in this place.
 E = Time spent auto-exploring this place.
 F = Levels seen in this place.
 G = Mean time per level.
                   A        B        C        D        E       F      G
               +--------+--------+--------+--------+--------+-----+--------+
         Total |   3185 |   3153 |     32 |    680 |   1816 |   3 | 1061.7 |
       Dungeon |   3185 |   3153 |     32 |    680 |   1816 |   3 | 1061.7 |
               +--------+--------+--------+--------+--------+-----+--------+

Top non-repeatable levels by time:
     D:2: 1672 daAuts
     D:1: 1060 daAuts
     D:3: 452 daAuts
